 Dungeon Crawl Stone Soup version 0.31.0-11-ge490571c62 (webtiles) character file.

Game seed: 5297398383568511554

401 qw the Ducker (level 6, -6/32 HPs)
             Began as a Spriggan Hunter on Feb 3, 2024.
             Killed by nerve-wracking pain
             ... invoked by an orc priest
              (11 damage)
             ... on level 4 of the Dungeon.
             The game lasted 00:00:42 (3093 turns).

qw the Ducker (Spriggan Hunter)                     Turns: 3093, Time: 00:00:43

Health: -6/32      AC:  2    Str:  7    XL:     6   Next: 54%
Magic:  7/7        EV: 22    Int: 10    God:
Gold:   115        SH:  0    Dex: 21    Spells: 5/5 levels left

rFire   . . .        a - +0 shortbow
rCold   . . .        (shield currently unavailable)
rNeg    . . .        c - +0 robe
rPois   .            (helmet restricted)
rElec   .            (no cloak)
rCorr   .            (gloves unavailable)
SInv    +            (boots unavailable)
Will    +....        (no amulet)
Stlth   ++           (no ring)
HPRegen 0.25/turn    (no ring)
MPRegen 0.10/turn

%: no passive effects
@: very quick
A: very small, no large weapons, unfitting armour, see invisible, speed 3
a: no special abilities


You were on level 4 of the Dungeon.
You visited 1 branch of the dungeon, and saw 4 of its levels.

You collected 115 gold pieces.


Innate Abilities, Weirdness & Mutations

You are very small and have problems with some larger weapons.
You are too small for most types of armour.
You have supernaturally acute eyesight. (SInv)
You cover ground extremely quickly. (Speed+++)


   Skills:
 - Level 2.4 Fighting
 + Level 5.6 Ranged Weapons
 - Level 7.1 Dodging
 - Level 1.5 Stealth


You had 5 spell levels left.
You didn't know any spells.
Your spell library was empty.

Inventory:

Hand Weapons
 a - a +0 shortbow (weapon)
Armour
 c - a +0 robe (worn)
Wands
 b - a wand of paralysis (7)
Potions
 e - 2 potions of curing
 f - a potion of heal wounds {unknown}
 g - a potion of resistance
 h - a potion of brilliance {unknown}
 i - a potion of mutation {unknown}
 j - a potion of enlightenment

Dungeon Overview and Level Annotations

Branches:
Dungeon (4/15)
 Temple: D:4-7

Altars:
Zin

Shops:
D:1 (

Annotations:
D:3 1 runed translucent door, Crazy Yiuf


Message History

You kill the orc!
The orc wizard casts a spell.
The orc wizard flickers and vanishes for a moment.
You shoot an arrow.
The arrow closely misses the orc wizard.
The orc priest hits you with a +0 whip. The orc wizard barely misses you.
The orc misses you.
You shoot an arrow. The arrow barely misses the orc wizard.
The orc priest completely misses you. The orc wizard misses you.
The orc hits you with a +0 dagger.
You shoot an arrow. The arrow barely misses the orc wizard.
The orc wizard completely misses you. The orc priest misses you.
The orc completely misses you.
You shoot an arrow. The arrow barely misses the orc wizard.
The orc priest closely misses you. The orc hits you with a +0 dagger.
The orc wizard misses you.
You shoot an arrow. The arrow hits the orc wizard!
You kill the orc wizard!
The orc priest barely misses you. The orc misses you.
The orc barely misses you. The orc priest closely misses you.
You shoot an arrow. The arrow barely misses the orc priest.
The orc priest hits you with a +0 whip. The orc misses you.
You shoot an arrow. The arrow barely misses the orc priest.
The orc closely misses you. The orc priest barely misses you.
You shoot an arrow. The arrow barely misses the orc priest.
The orc misses you.
The orc priest miscasts a cantrip.
You shoot an arrow. The arrow hits the orc priest.
The orc priest is heavily wounded.
The orc priest closely misses you. The orc misses you.
You shoot an arrow. The arrow hits the orc priest.
The orc priest is almost dead.
The orc misses you. The orc priest completely misses you.
You shoot an arrow.
The arrow hits the orc priest but does no damage.
The orc priest is almost dead.
The orc barely misses you.
The orc priest calls down the wrath of Beogh upon you.
Pain shoots through your body!
You die...

. .. ... ....
########(....
##....#o......
#.....@).).)..
#<....#o......
#.....#.......
#.....#.......
#####+#.......
.###### .. ~.


You could see an orc priest and an orc.

Vanquished Creatures
  Sigmund (D:2)
  A scorpion (D:3)
  A hound (D:3)
  An orc wizard (D:4)
  Robin (D:3)
  4 adders
  2 dart slugs (D:1)
  A ribbon worm (D:3)
  6 orcs (D:4)
  4 endoplasms
  A giant cockroach (D:2)
  13 goblins
  5 hobgoblins
  2 jackals (D:2)
  3 kobolds (D:2)
  2 quokkas
  4 ball pythons
  3 bats (D:2)
  6 frilled lizards
  4 rats
65 creatures vanquished.

Vanquished Creatures (others)
  A goblin (D:3)
1 creature vanquished.

Grand Total: 66 creatures vanquished

Notes
Turn   | Place    | Note
-------+----------+-------------------------------------------
     0 | D:1      | qw the Spriggan Hunter began the quest for the Orb.
     0 | D:1      | Reached XP level 1. HP: 10/10 MP: 2/2
     0 | D:1      | 0 ||| qw: Version: 0.3-a-155-g5e7d8dd
     0 | D:1      | 0 ||| qw: Game counter: 3182
     0 | D:1      | 0 ||| qw: Melee chars always use a shield: true
     0 | D:1      | 0 ||| qw: God list: Okawaru
     0 | D:1      | 0 ||| qw: Allow faded altars: false
     0 | D:1      | 0 ||| qw: Do Orc after clearing Dungeon:15 true
     0 | D:1      | 0 ||| qw: Do second Lair branch before Depths: true
     0 | D:1      | 0 ||| qw: Lair rune preference: random
     0 | D:1      | 0 ||| qw: Goals: Normal
     0 | D:1      | 0 ||| PLANNING D:1-11
   122 | D:1      | Reached skill level 3 in Dodging
   373 | D:1      | Reached XP level 2. HP: 12/14 MP: 3/3
   425 | D:1      | Reached skill level 4 in Dodging
   557 | D:1      | Found Utoekapt's Weapon Boutique.
   862 | D:1      | 862 ||| READING scroll labelled ULYREH ESIUNAU.
   863 | D:1      | 863 ||| READING scroll labelled GUFFIA JIUJILL.
   964 | D:1      | 964 ||| READING scroll labelled XAORON NOR QOURI.
   964 | D:1      | 964 ||| IDENTIFYING metallic orange potion
   965 | D:1      | 965 ||| DROPPING scroll of butterflies.
  1084 | D:2      | Reached XP level 3. HP: 7/18 MP: 4/4
  1086 | D:2      | HP: 4/18 [poisoned by an adder]
  1455 | D:2      | Reached XP level 4. HP: 22/22 MP: 5/5
  1694 | D:2      | Noticed Sigmund
  1695 | D:2      | 1695 ||| ZAPPING wand of paralysis (9) at -2,-1 (Sigmund;
                  | floor).
  1700 | D:2      | 1700 ||| ZAPPING wand of paralysis (8) at -2,-1 (Sigmund;
                  | floor).
  1702 | D:2      | Killed Sigmund
  1703 | D:2      | Reached skill level 7 in Dodging
  1703 | D:2      | Reached XP level 5. HP: 25/25 MP: 6/6
  1848 | D:2      | 1848 ||| READING scroll labelled TEMIVE TOPRAYCK.
  1849 | D:2      | 1849 ||| DRINKING 2 black potions.
  1897 | D:2      | 1897 ||| DRINKING 2 fizzy grey potions.
  1898 | D:2      | 1898 ||| DRINKING 2 coppery potions.
  1899 | D:2      | 1899 ||| DROPPING potion of lignification.
  1996 | D:3      | Found a glowing silver altar of Zin.
  2228 | D:3      | Noticed Robin
  2231 | D:3      | Reached XP level 6. HP: 30/32 MP: 7/7
  2239 | D:3      | HP: 8/32 [Robin/+0 whip (2)]
  2244 | D:3      | Killed Robin
  2519 | D:3      | Found a faded altar of an unknown god.
  2740 | D:3      | Found a runed translucent door.
  2741 | D:3      | Noticed Crazy Yiuf
  2904 | D:3      | 2904 ||| READING scroll of identify.
  2904 | D:3      | 2904 ||| IDENTIFYING pink potion
  2905 | D:3      | 2905 ||| READING scroll labelled BAETENA CYOWIDD.
  2962 | D:3      | 2962 ||| READING scroll labelled OXZUMAU VOIST.
  3018 | D:3      | 3018 ||| READING scroll labelled TANIFA REUSE.
  3019 | D:3      | 3019 ||| DROPPING potion of ambrosia.
  3083 | D:4      | HP: 8/32 [orc priest/+0 whip (5)]
  3088 | D:4      | HP: 4/32 [orc priest/+0 whip (3)]
  3093 | D:4      | Killed from afar by an orc priest

Levels and vault maps discovered:
D:1:      lemuel_arrival_funnel, layout_loops_corners, serial_shops,
          nicolae_shop_tiny_glass
D:2:      kennysheep_six_static_rooms, layout_loops_ring,
          grunt_decor_resistance, minmay_split_cup_small, uniq_sigmund
D:3:      layout_loops_cross, mainiacjoe_overflow_catwalk,
          chequers_ecumenical_altar_simple_redux, kennysheep_donut,
          moated_statue, uniq_robin, uniq_crazy_yiuf_cottage
D:4:      layout_gridville, mainiacjoe_overflow_concentric_impassable,
          serial_shops, shop

Skill      XL: |  1  2  3  4  5 |
---------------+----------------+-----
Dodging        | 3 4 7 |  7.1
Ranged Weapons | 5 |  5.6
Fighting       | 2 |  2.4
Stealth        | |  1.5

Action                     |  1- 3 |  4- 6 || total
---------------------------+-------+-------++-------
   Fire: Shortbow          |    81 |   123 ||   204
  Evoke: Wand              |       |     2 ||     2
    Use: Scroll            |     3 |     5 ||     8
         Potion            |       |     3 ||     3
 Armour: Robe              |     8 |    32 ||    40
  Dodge: Dodged            |    17 |   122 ||   139

Table legend:
 A = Non-vault XP
 B = Vault XP
 C = Vault XP percentage of total XP
 D = Non-vault monster count
 E = Vault monster count
 F = Vault count percentage of total count
                 A         B        C        D         E       F
            +---------+---------+-------+---------+---------+-------
      Total |     280 |     293 |  51.1 |      47 |      18 |  27.7
            +---------+---------+-------+---------+---------+-------
        D:1 |      26 |       0 |   0.0 |      14 |       0 |   0.0
        D:2 |      54 |     265 |  83.1 |      18 |      10 |  35.7
        D:3 |     145 |      28 |  16.2 |       8 |       8 |  50.0
        D:4 |      55 |       0 |   0.0 |       7 |       0 |   0.0
            +---------+---------+-------+---------+---------+-------
